 Dungeon Crawl Stone Soup version 0.28.0-43-g3370ac3207 (webtiles) character file.

Game seed: 4873976212558676020

4800 buriedalive the Frost Mage (level 10, -24/63 HPs)
             Began as a Deep Elf Ice Elementalist on Mar 25, 2022.
             Was a Follower of Ashenzari.
             Annihilated by an orc knight
             ... wielding a +0 broad axe
              (41 damage)
             ... in a bailey.
             The game lasted 00:26:46 (10964 turns).

buriedalive the Frost Mage (DEIE)                  Turns: 10964, Time: 00:26:47

Health: -24/63     AC: 17    Str:  5    XL:     10   Next: 24%
Magic:  6/22       EV: 15    Int: 25    God:    Ashenzari [*.....]
Gold:   344        SH:  0    Dex: 15    Spells: 11/22 levels left

rFire   . . .      SeeInvis .   a - +4 rapier "Ensconced Together" {freeze, Self, Comp} (curse)
rCold   + . .      Faith    .   (no shield)
rNeg    + . .      Spirit   .   o - +1 leather armour {rF+}
rPois   .          Reflect  .   j - +1 helmet
rElec   .          Harm     .   s - +0 cloak
rCorr   .          Rampage  .   (no gloves)
Will    +....                   (no boots)
Stlth   ++........              n - amulet of regeneration
HPRegen 1.00/turn               b - ring of the Sky {Ice, Comp, Evo} (curse)
MPRegen 0.18/turn               m - ring of positive energy

@: brilliant, ice-armoured
A: no striking features
a: Renounce Religion, Shatter the Chains


You were in a bailey.
You worshipped Ashenzari.
Ashenzari was aware of your devotion.
You visited 2 branches of the dungeon, and saw 10 of its levels.
You also visited: Bailey.

You collected 631 gold pieces.
You spent 287 gold pieces at shops.

Inventory:

Hand Weapons
 a - the cursed +4 rapier "Ensconced Together" (weapon) {freeze, Self, Comp}
   (You bought it in a shop on level 7 of the Dungeon)

   It freezes those it strikes, dealing additional cold damage.
   It can also slow down cold-blooded creatures.
   It has a curse which improves the following skills: Introspection: Fighting
   and Spellcasting.
   Companions: Summonings and Necromancy.
 h - a +0 vorpal dagger
 r - a +5 dagger
Missiles
 c - 253 stones
 d - 15 poisoned darts (quivered)
 y - 3 curare-tipped darts
 C - 6 boomerangs
Armour
 j - a +1 helmet (worn)
 o - a +1 leather armour of fire resistance (worn)
 s - a +0 cloak (worn)
Jewellery
 b - the cursed ring of the Sky (left hand) {Ice, Comp, Evo}
   (You took it off a hobgoblin on level 3 of the Dungeon)

   [ring of ice]

   It enhances your ice magic.
   rF:        It makes you vulnerable to fire.
   rC:        It protects you from cold.
   It has a curse which improves the following skills: Companions: Summonings
   and Necromancy.
   Evocations: Evocations.
 k - a ring of protection from cold
 m - a ring of positive energy (right hand)
 n - an amulet of regeneration (around neck)
 u - a ring of resist corrosion
Wands
 g - a wand of iceblast (14)
 w - a wand of flame (8)
Scrolls
 e - 2 scrolls of amnesia
 f - 6 scrolls of identify
 l - a scroll of fog
 p - a scroll of silence
 q - 4 scrolls of teleportation
 v - a scroll of enchant armour
 x - 2 scrolls of fear
Potions
 i - a potion of brilliance
 t - 2 potions of haste
 z - a potion of curing


   Skills:
 + Level 6.2(7.1) Fighting
 - Level 10.0 Dodging
 - Level 2.4 Stealth
 - Level 0.1 Unarmed Combat
 - Level 6.0(6.8) Spellcasting
 + Level 2.0 Conjurations
 - Level 11.0 Ice Magic


You had 11 spell levels left.
You knew the following spells:

 Your Spells              Type           Power      Damage    Failure   Level
a - Freeze                Ice            100%       1d11      1%          1
b - Ozocubu's Armour      Ice            97%        N/A       1%          3
c - Frozen Ramparts       Ice            100%       1d12      1%          3
d - Hailstorm             Conj/Ice       75%        3d15      8%          4

Your spell library contained the following spells:

 Spells                   Type           Power      Damage    Failure   Level
 Beastly Appendage        Tmut           24%        N/A       12%         1
 Sting                    Tmut/Pois      48%        1d5       12%         1
 Corpse Rot               Necr/Air       26%        N/A       17%         2
 Poisonous Vapours        Pois/Air       24%        N/A       17%         2
 Wereblood                Tmut           12%        N/A       17%         2
 Spider Form              Tmut/Pois      12%        N/A       34%         3
 Ozocubu's Refrigeration  Ice            48%        4d14      71%         7
 Olgreb's Toxic Radiance  Pois           12%        N/A       75%         4
 Petrify                  Tmut/Erth      12%        N/A       75%         4
 Summon Mana Viper        Hex/Summ       13%        N/A       97%         5
 Dragon's Call            Summ           6%         N/A       100%        9


Dungeon Overview and Level Annotations

Branches:
Dungeon (9/15)             Temple (1/1) D:7          Bailey (1/1)
   Lair: D:8-11         Orc: D:9-12

Altars:
Ashenzari
Nemelex Xobeh
Okawaru
Qazlal
Ru
Sif Muna
Trog
Uskayaw
Vehumet
Wu Jian
Yredelemnul

Shops:
D:6 ?   D:7 (


Message History

Press: ? - help, Shift-Dir - straight line, f/p - orc knight
Aim: an orc knight, wielding a +0 broad axe and wearing a +0 chain mail (moderately wounded, strong)
You feel a strong surge of power!
You freeze the orc knight!
The orc knight is heavily wounded.
The wall freezes the orc knight!
The wall freezes the orc knight.
The orc knight closely misses you.
Casting: Freeze (safe; 1% risk of failure)
Confirm with . or Enter, or press ? or * to list all spells.
Aiming: Freeze (safe; 1% risk of failure)
Press: ? - help, Shift-Dir - straight line, f/p - orc knight
Aim: an orc knight, wielding a +0 broad axe and wearing a +0 chain mail (heavily wounded, strong)
You feel a strong surge of power!
You freeze the orc knight.
The orc knight is heavily wounded.
The wall freezes the orc knight.
The wall freezes the orc knight!
The orc knight hits you with a +0 broad axe!!
* * * LOW HITPOINT WARNING * * *
You feel better.
The wall freezes the orc knight. x2
The orc knight hits you with a +0 broad axe.
* * * LOW HITPOINT WARNING * * *
Aiming: Corrosive Bolt
Press: ? - help, Shift-Dir - straight line, f/p - orc knight
Aim: an orc knight, wielding a +0 broad axe and wearing a +0 chain mail (severely wounded, strong, 68% to hit)
The bolt of acid hits the orc knight.
The orc knight is severely wounded.
The bolt of acid hits the orc knight.
The orc knight is moderately wounded.
The wall freezes the orc knight. x2; The orc knight barely misses you.
There are monsters nearby!
There are monsters nearby!
Aiming: Corrosive Bolt
Press: ? - help, Shift-Dir - straight line, f/p - orc knight
Aim: an orc knight, wielding a +0 broad axe and wearing a +0 chain mail (severely wounded, strong, 68% to hit)
The bolt of acid hits the orc knight!
The orc knight is almost dead.
The bolt of acid hits the orc knight!
The acid corrodes the orc knight!
The orc knight is heavily wounded.
The now-empty wand crumbles to dust.
The frozen ramparts melt away.
The orc knight hits you with a +0 broad axe!!!
Ouch! That really hurt!
You die...

#....≈≈.......≈≈.
#.###≈≈.......≈≈#
#....≈≈.......≈≈.
#.###≈≈.......≈≈#
#....≈≈.......≈≈.
#.###≈≈.......≈≈#
#....≈≈.......≈≈.
#.###≈≈.......≈≈#
#.@oo)≈.......≈≈.
#####≈≈.......≈≈#
##≈..)....≈#
####)''####
#.....# #∩....$∩#
#...8...#
##..(..## ###'###


You could see 2 orc knights.

Vanquished Creatures
  An unseen horror (D:8)
  Prince Ribbit (D:5)
  Sigmund (D:3)
  3 wyverns
  A steam dragon (D:7)
  Eustachio (D:4)
  2 water moccasins
  An ice beast (D:7)
  8 orc warriors
  3 black bears
  2 centaurs
  6 kobold brigands (Bailey)
  4 bullfrogs
  A gnoll sergeant (D:5)
  4 scorpions
  A wyvern skeleton (D:5)
  A water moccasin skeleton (D:6)
  4 wights (D:8)
  An electric eel (D:6)
  A bullfrog zombie (D:7)
  2 jellies
  An orc priest (D:9)
  A gnoll shaman (D:7)
  Crazy Yiuf (D:4)
  A bullfrog skeleton (D:5)
  Ijyb (D:3)
  2 iguanas
  Jessica (D:3)
  A scorpion zombie (D:5)
  4 orc wizards
  A howler monkey zombie (D:8)
  5 adders
  11 gnolls
  A shadow imp (D:5)
  A white imp (D:8)
  2 ufetubi
  A worm (D:2)
  5 dart slugs
  21 orcs
  8 bats
  6 endoplasms
  4 giant cockroaches
  8 goblins
  5 hobgoblins
  4 jackals (D:1)
  3 quokkas (D:3)
  10 ball pythons
  A frilled lizard (D:1)
  12 kobolds
  5 rats
  A spectral orc (D:5)
177 creatures vanquished.

Vanquished Creatures (others)
  10 fungi (D:4)
10 creatures vanquished.

Grand Total: 187 creatures vanquished

Notes
Turn   | Place    | Note
-------+----------+-------------------------------------------
     0 | D:1      | buriedalive the Deep Elf Ice Elementalist began the quest
                  | for the Orb.
     0 | D:1      | Reached XP level 1. HP: 10/10 MP: 6/6
   154 | D:1      | Reached XP level 2. HP: 14/15 MP: 0/8
   379 | D:1      | Found a faded altar of an unknown god.
   396 | D:1      | Reached skill level 5 in Ice Magic
  1198 | D:1      | Reached XP level 3. HP: 15/19 MP: 5/9
  1351 | D:2      | You fall into a shaft and drop 1 floor!
  1571 | D:3      | Reached skill level 6 in Ice Magic
  1640 | D:3      | Reached XP level 4. HP: 22/24 MP: 7/10
  1719 | D:3      | Noticed Ijyb
  1721 | D:3      | Noticed Jessica
  1727 | D:3      | Noticed Sigmund
  1729 | D:3      | Killed Ijyb
  1748 | D:3      | Killed Jessica
  1968 | D:3      | Learned a level 3 spell: Ozocubu's Armour
  1972 | D:3      | Learned a level 3 spell: Frozen Ramparts
  2007 | D:3      | Killed Sigmund
  2008 | D:3      | Reached skill level 7 in Ice Magic
  2008 | D:3      | Reached XP level 5. HP: 27/28 MP: 7/11
  2008 | D:3      | Reached XP level 6. HP: 31/32 MP: 7/12
  3277 | D:3      | Reached skill level 5 in Dodging
  3923 | D:4      | Noticed Eustachio
  3936 | D:4      | Killed Eustachio
  3937 | D:4      | Reached skill level 8 in Ice Magic
  3937 | D:4      | Reached XP level 7. HP: 36/36 MP: 4/13
  4111 | D:4      | Found an iron altar of Okawaru.
  4363 | D:4      | Found a runed translucent door.
  4364 | D:4      | Noticed Crazy Yiuf
  4374 | D:4      | Killed Crazy Yiuf
  5272 | D:5      | Entered Level 5 of the Dungeon
  5807 | D:5      | Reached skill level 9 in Ice Magic
  5811 | D:5      | Reached XP level 8. HP: 20/41 MP: 8/14
  6000 | D:5      | Noticed Prince Ribbit
  6032 | D:5      | Killed Prince Ribbit
  6770 | D:5      | Reached skill level 10 in Ice Magic
  6976 | D:5      | Found a basalt altar of Yredelemnul.
  7265 | D:6      | Found Yrchotau's Magic Scroll Shoppe.
  7273 | D:6      | Bought a scroll of enchant armour for 90 gold pieces
  7273 | D:6      | Bought a scroll of teleportation for 36 gold pieces
  8015 | D:6      | Reached XP level 9. HP: 45/45 MP: 6/15
  8470 | D:7      | Found a stormy altar of Qazlal.
  8525 | D:7      | Got the Reference Book on the Escort and Changing
  8601 | D:7      | Reached skill level 10 in Dodging
  8609 | D:7      | Reached skill level 1 in Fighting
  8609 | D:7      | Reached skill level 11 in Ice Magic
  8779 | D:7      | Found a staircase to the Ecumenical Temple.
  8797 | Temple   | Entered the Ecumenical Temple
  8832 | Temple   | Became a worshipper of Ashenzari the Shackled
  8896 | D:7      | Found Tyxkydwa's Antique Weapon Shoppe.
  8938 | D:7      | Bought a glowing rapier for 161 gold pieces
  9053 | D:7      | Reached skill level 5 in Spellcasting
 10004 | D:8      | Killed an unseen horror
 10005 | D:8      | Reached skill level 5 in Fighting
 10192 | D:9      | Reached XP level 10. HP: 46/59 MP: 15/21
 10398 | D:9      | Reached * piety under Ashenzari
 10671 | D:9      | Found a flagged portal.
 10682 | Bailey   | Entered a bailey
 10872 | Bailey   | Learned a level 4 spell: Hailstorm
 10937 | Bailey   | Noticed an orc knight
 10941 | Bailey   | Reached skill level 1 in Conjurations
 10943 | Bailey   | Noticed an orc knight
 10964 | Bailey   | Annihilated by an orc knight

Illustrated notes

Levels and vault maps discovered:
D:1:      evilmike_arrival_hilbert_curve, layout_basic,
          hellmonk_ecumenical_altar_run_dry, minmay_misc_feat_ornament,
          minmay_tripent
D:2:      layout_loops_corners
D:3:      layout_basic, hangedman_decor_points, minmay_pentomino_pile,
          uniq_sigmund, uniq_jessica, uniq_ijyb
D:4:      old_forge, layout_basic, okawaru_metal_pillars_3, serial_curves,
          eino_curves_01, eino_curves_04, kennysheep_generic_room_10,
          uniq_crazy_yiuf_cottage, uniq_eustachio
D:5:      layout_basic, yredelemnul_forgotten_temple_becter,
          minmay_statues_item, uniq_prince_ribbit1
D:6:      layout_loops_corners, serial_shops, nicolae_shop_advertising_works
          [nicolae_subvault_shop_adworks], minivault_4,
          minmay_misc_feat_four_crosses
D:7:      layout_rooms, nicolae_qazlal_scattered_showers, temple_statues,
          serial_shops, nicolae_shop_trees, nicolae_figureground_sparkle
D:8:      layout_loops_cross, grunt_temple_overflow_champion_of_chaos,
          chequers_mini_garden
D:9:      layout_grid_maze, enter_bailey_4
Temple:   nicolae_temple_elliptical
Bailey:   bailey_axe_3, bailey

Skill      XL: |  1  2  3  4  5  6  7  8  9 10 |
---------------+-------------------------------+-----
Ice Magic      | 5 6 7 8 9 10 11 | 11.0
Dodging        | 4 5 7 9 10 | 10.0
Fighting       | 5 6 |  6.2
Spellcasting   | 6 |  6.0
Conjurations   | 2 |  2.0
Stealth        | |  2.4
Unarmed Combat | |  0.1

Action                   |  1- 3 |  4- 6 |  7- 9 | 10-12 || total
-------------------------+-------+-------+-------+-------++-------
Melee: Unarmed           |     8 |     1 |       |       ||     9
       Dagger            |       |    13 |   169 |       ||   182
       Punch             |       |       |     8 |       ||     8
       Rapier            |       |       |    97 |    11 ||   108
Throw: Dart              |       |     5 |     8 |     1 ||    14
 Cast: Freeze            |    51 |    43 |    53 |    28 ||   175
       Frozen Ramparts   |       |     4 |    39 |     8 ||    51
       Ozocubu's Armour  |       |     1 |    23 |     8 ||    32
Invok: Curse Item        |       |       |       |     2 ||     2
Evoke: Wand              |       |       |       |     2 ||     2
  Use: Potion            |       |     2 |       |     3 ||     5
       Scroll            |       |     5 |    11 |       ||    16
 Stab: Sleeping          |     1 |       |     4 |       ||     5
       Distracted        |       |     1 |       |       ||     1
Armor: Robe              |     7 |    15 |       |       ||    22
       Leather armour    |       |       |   106 |     7 ||   113
Dodge: Dodged            |    27 |    37 |   208 |    48 ||   320
